 Dungeon Crawl Stone Soup version 0.29-a0-375-g5102b3be25 (webtiles) character file.

Game seed: 7354345007075604036

540 zishaf the Purveyor of Pain (level 7, -1/54 HPs)
             Began as a Human Necromancer on May 3, 2022.
             Was an Initiate of Kikubaaqudgha.
             Slain by a gnoll
             ... wielding a +0 spear
             ... led by a gnoll sergeant
              (3 damage)
             ... on level 5 of the Dungeon.
             The game lasted 00:09:35 (5953 turns).

zishaf the Purveyor of Pain (Human Necromancer)     Turns: 5953, Time: 00:09:36

Health: -1/54      AC:  5    Str:  8    XL:     7   Next: 51%
Magic:  8/11       EV: 12    Int: 24    God:    Kikubaaqudgha [......]
Gold:   146        SH:  0    Dex: 13    Spells: 4/11 levels left

rFire   . . .      SeeInvis .   a - +0 short sword
rCold   . . .      Faith    .   (no shield)
rNeg    . . .      Spirit   .   d - +0 robe
rPois   .          Reflect  .   j - +0 helmet
rElec   .          Harm     .   i - +1 cloak
rCorr   .          Rampage  .   (no gloves)
Will    .....                   (no boots)
Stlth   ++........              (no amulet)
HPRegen 0.18/turn               l - +6 ring of intelligence
MPRegen 0.12/turn               (no ring)

@: weak-willed
A: no striking features
a: Renounce Religion


You were on level 5 of the Dungeon.
You worshipped Kikubaaqudgha.
Kikubaaqudgha was noncommittal.
You visited 2 branches of the dungeon, and saw 6 of its levels.

You collected 191 gold pieces.
You spent 45 gold pieces at shops.

Inventory:

Hand Weapons
 a - a +0 short sword (weapon)
 b - a +0 hunting sling
Missiles
 o - 112 stones
Armour
 d - a +0 robe (worn)
 i - a +1 cloak (worn)
 j - a +0 helmet (worn)
 t - a scarf of resistance
Jewellery
 l - a +6 ring of intelligence (left hand)
 w - a ring of fire
Scrolls
 e - 4 scrolls of teleportation
 k - a scroll of magic mapping
Potions
 f - a potion of berserk rage
 m - a potion of cancellation
 n - a potion of invisibility {unknown}
 q - 4 potions of heal wounds {unknown}
 s - a potion of attraction {unknown}
 u - a potion of brilliance {unknown}
 z - a potion of ambrosia {unknown}


   Skills:
 + Level 4.1 Fighting
 - Level 2.0 Dodging
 - Level 2.0 Stealth
 + Level 2.9 Spellcasting
 + Level 5.9 Necromancy
 + Level 3.0 Earth Magic


You had 4 spell levels left.
You knew the following spells:

 Your Spells              Type           Power      Damage    Failure   Level
a - Pain                  Necr           100%       1d9       1%          1
b - Sandblast             Erth           36%        2d10      3%          1
c - Vampiric Draining     Necr           32%        2d8       2%          3
d - Sublimation of Blood  Necr           32%        N/A       1%          2

Your spell library contained the following spells:

 Spells                   Type           Power      Damage    Failure   Level
 Animate Skeleton         Necr           64%        N/A       1%          1
 Passwall                 Tmut/Erth      8%         N/A       9%          2
 Animate Dead             Necr           16%        N/A       10%         4
 Beastly Appendage        Tmut           6%         N/A       11%         1
 Wereblood                Tmut           3%         N/A       17%         2
 Stone Arrow              Conj/Erth      20%        3d8       17%         3
 Dazzling Flash           Conj/Hex       6%         N/A       32%         3
 Spider Form              Tmut/Pois      3%         N/A       32%         3
 Summon Guardian Golem    Hex/Summ       3%         N/A       32%         3
 Petrify                  Tmut/Erth      10%        N/A       50%         4
 Flame Wave               Conj/Fire      3%         2d4       73%         4
 Sticky Flame             Conj/Fire      3%         2d3       73%         4
 Agony                    Necr           32%        N/A       26%         5
 Irradiate                Conj/Tmut      1%         3d13      97%         5


Dungeon Overview and Level Annotations

Branches:
Dungeon (5/15)             Temple (1/1) D:4

Altars:
Elyvilon
Kikubaaqudgha
Nemelex Xobeh
Okawaru
Ru
Sif Muna
Uskayaw
Vehumet
Xom
The Shining One

Shops:
D:1 [   D:4 =


Message History

The gnoll barely misses you.
The gnoll sergeant hits you from afar with a +0 spear!
The gnoll closely misses your ufetubus.
Your ufetubus misses the gnoll.
Your ufetubus closely misses the gnoll.
Your ufetubus barely misses the gnoll.
Your ufetubus hits the gnoll but does no damage.
The gnoll hits your ufetubus with a +0 spear.
The gnoll sergeant barely misses you.
Your ufetubus hits the gnoll.
The gnoll dies!
Kikubaaqudgha accepts your kill.
Your ufetubus dissolves into shadows!
The gnoll sergeant completely misses you.
The gnoll hits you from afar with a +0 spear.
Casting: Vampiric Draining (dangerous; 2% risk of failure)
Confirm with . or Enter, or press ? or * to list all spells.
Aiming: Vampiric Draining (dangerous; 2% risk of failure)
Press: ? - help, Shift-Dir - straight line, f - gnoll
Aim: a gnoll, wielding a +0 spear You draw life force from the gnoll!
You feel life coursing into your body. The gnoll barely misses you. x2
The gnoll sergeant hits you from afar with a +0 spear!
* * * LOW HITPOINT WARNING * * *
Magic courses through your body. The gnoll closely misses you.
The gnoll hits you from afar with a +0 spear.
* * * LOW HITPOINT WARNING * * *
The gnoll sergeant hits you from afar with a +0 spear!
* * * LOW HITPOINT WARNING * * *
Casting: Vampiric Draining (dangerous; 2% risk of failure)
Confirm with . or Enter, or press ? or * to list all spells.
Aiming: Vampiric Draining (dangerous; 2% risk of failure)
Press: ? - help, Shift-Dir - straight line, f/p - gnoll
Aim: a gnoll, wielding a +0 spear (almost dead)
You draw life force from the gnoll!
You kill the gnoll!
Kikubaaqudgha accepts your kill.
You feel life coursing into your body.
The gnoll sergeant hits you but does no damage.
The gnoll hits you from afar with a +0 spear.
You die...
Kikubaaqudgha rasps: "You have failed me!
Welcome... death!"

,,,**,(...,*#.#.........,,,*,,,,,
**,,*,*#...##..........,,,,*,,,,,
,,,,,,,#...$.....$....#,,,,,,,,,,
,,,**,*##..##..##.....#*,,,,,,,,,
,,******#,,##<.......#***,,,,*,>*
*** *,..#..)..#.).# ***,*****
**,.....g○#g).# ***
*##.##○§☼...#* ##*#..@)..#
##.....#* ##.....# ##.#.## #####


You could see a gnoll sergeant and a gnoll.

Vanquished Creatures
  An ogre (D:4)
  A phantom (D:4)
  A hound (D:4)
  An orc priest (D:4)
  A jelly (D:4)
  An iguana (D:4)
  Jessica (D:3)
  3 orc wizards (D:4)
  3 gnolls (D:5)
  4 adders
  3 worms
  3 dart slugs
  6 orcs (D:3)
  4 ball pythons
  6 endoplasms
  4 goblins
  6 hobgoblins
  7 jackals
  11 kobolds
  2 quokkas
  7 bats
  6 frilled lizards
  6 rats
88 creatures vanquished.

Vanquished Creatures (collateral kills)
  A gnoll (D:5)
1 creature vanquished.

Grand Total: 89 creatures vanquished

Notes
Turn   | Place    | Note
-------+----------+-------------------------------------------
     0 | D:1      | zishaf the Human Necromancer began the quest for the Orb.
     0 | D:1      | Reached XP level 1. HP: 13/13 MP: 3/3
   152 | D:1      | Got the Reference Book on Burning Malediction
   490 | D:1      | Reached skill level 1 in Fighting
   490 | D:1      | Reached XP level 2. HP: 21/21 MP: 5/5
   674 | D:1      | Found Yntamu Jin's Armour Emporium.
   701 | D:1      | Bought a +0 helmet for 45 gold pieces
  1222 | D:2      | Reached XP level 3. HP: 24/26 MP: 6/6
  1696 | D:2      | Reached XP level 4. HP: 20/33 MP: 3/7
  2308 | D:2      | Learned a level 1 spell: Sandblast
  2330 | D:2      | Learned a level 3 spell: Vampiric Draining
  3454 | D:3      | Noticed Jessica
  3460 | D:3      | Killed Jessica
  3461 | D:3      | Reached skill level 5 in Necromancy
  3461 | D:3      | Reached skill level 1 in Earth Magic
  3461 | D:3      | Reached XP level 5. HP: 32/40 MP: 4/8
  3592 | D:3      | Found a faded altar of an unknown god.
  4054 | D:4      | Found Pehygi's Jewellery Emporium.
  4115 | D:4      | Found a staircase to the Ecumenical Temple.
  4124 | Temple   | Entered the Ecumenical Temple
  4133 | Temple   | Became a worshipper of Kikubaaqudgha
  4352 | D:4      | Reached XP level 6. HP: 43/47 MP: 3/9
  4467 | D:4      | Learned a level 2 spell: Sublimation of Blood
  4620 | D:4      | Noticed an ogre
  4639 | D:4      | Killed an ogre
  4819 | D:4      | Reached XP level 7. HP: 23/53 MP: 0/10
  5886 | D:5      | Entered Level 5 of the Dungeon
  5952 | D:5      | HP: 1/54 [gnoll sergeant/+0 spear (10)]
  5953 | D:5      | Slain by a gnoll

Illustrated notes

Levels and vault maps discovered:
D:1:      scummos_arrival_forest, layout_basic, serial_shops,
          nicolae_shop_hallway_plus, minmay_box_of_dots
D:2:      layout_basic, grunt_decor_cap, corexii_item_surrounded_by_moat,
          corexii_shack, dreamdust_princess_corridor
D:3:      layout_basic, shapermc_ecumenical_altar_mp_vishouse, uniq_jessica
D:4:      layout_loops_corners, minmay_temple_entry_hall,
          chequers_hall_statues_y, minmay_shop_enchanted_jewellery,
          solitary_fountain, minmay_misc_feat_nine_boxes, chequers_mini_garden
D:5:      layout_cave_pools, mainiacjoe_overflow_cross_hatched, serial_shops,
          nicolae_square_shop, serial_bayou_pond_d, nicolae_wormholes
Temple:   eino_temple_lava

Skill      XL: |  1  2  3  4  5  6  7 |
---------------+----------------------+-----
Fighting       | 1 2 3 4 |  4.1
Necromancy     | 5 |  5.9
Earth Magic    | 1 2 3 |  3.0
Dodging        | |  2.0
Stealth        | |  2.0
Spellcasting   | |  2.9

Action                   |  1- 3 |  4- 6 |  7- 9 || total
-------------------------+-------+-------+-------++-------
Melee: Short sword       |    31 |    45 |       ||    76
 Fire: Hunting sling     |    28 |       |       ||    28
 Cast: Pain              |    21 |   101 |    15 ||   137
       Sandblast         |       |     2 |     6 ||     8
       Vampiric Draining |       |     1 |     6 ||     7
       Sublimation of Bl |       |     1 |       ||     1
  Use: Potion            |     1 |       |     1 ||     2
       Scroll            |       |       |    11 ||    11
 Stab: Sleeping          |       |     1 |       ||     1
Armor: Robe              |    27 |    17 |     5 ||    49
Dodge: Dodged            |    62 |    42 |    16 ||   120

Table legend: (Time is in decaauts)
 A = Elapsed time spent in this place.
 B = Non-inter-level travel time spent in this place.
 C = Inter-level travel time spent in this place.
 D = Time resting spent in this place.
 E = Time spent auto-exploring this place.
 F = Levels seen in this place.
 G = Mean time per level.
                   A        B        C        D        E       F      G
               +--------+--------+--------+--------+--------+-----+--------+
         Total |   5975 |   5824 |    151 |    755 |   4273 |   6 |  995.8 |
       Dungeon |   5958 |   5807 |    151 |    755 |   4273 |   5 | 1191.6 |
        Temple |     17 |     17 |      0 |      0 |      0 |   1 |   17.0 |
               +--------+--------+--------+--------+--------+-----+--------+

Top non-repeatable levels by time:
     D:4: 1677 daAuts
     D:1: 1572 daAuts
     D:3: 1379 daAuts
     D:2: 1284 daAuts
     D:5: 43 daAuts
  Temple: 17 daAuts
